Map: Eternal Empire LE

Players

Soon - Winner!

  • Race: Terran Terran
  • Spawn Location: 7:00

VOD

Have the link to the VOD?

Description

Time

  • Played on: Jan. 23, 2023, 4:57 p.m.
  • Length: 10:35
Show
View Real Time Build Order
Export as new Build Order

Soon Terran - Winner!

Build Orders: Reaper Expand 

Get SALT Encoding   

  12  0:02  SCV  
  12  0:14  SCV  
  12  0:20  Supply Depot  
  12  0:26  SCV  
  12  0:41  SCV  
  12  0:43  Barracks  
  12  0:47  Refinery  
  12  0:53  SCV  
  12  0:55  Refinery  
  12  1:05  SCV  
  12  1:18  SCV  
  12  1:31  Orbital Command  
  12  1:32  Supply Depot  
  12  1:36  Reaper  
  12  1:43  Factory  
  12  1:56  SCV  
  12  2:08  SCV  
  12  2:16  Command Center  
  12  2:18  Barracks Reactor  
  12  2:20  SCV  
  12  2:27  Hellion  
  12  2:32  Supply Depot  
  12  2:34  SCV  
  12  2:45  Starport  
  12  2:46  SCV  
  12  2:49  Factory Tech Lab  
  12  2:58  SCV  
  12  3:03  Marine x2  
  12  3:09  Cyclone  
  12  3:12  SCV  
  12  3:22  Marine  
  12  3:23  Marine  
  12  3:26  SCV  
  12  3:27  Orbital Command  
  12  3:38  SCV  
  12  3:43  Marine x2  
  12  3:46  Raven  
  12  3:47  Factory Tech Lab  
  12  3:50  SCV  
  12  3:56  SCV  
  12  3:57  Barracks  
  12  4:02  SCV  
  12  4:03  Supply Depot  
  12  4:04  Marine x2  
  12  4:08  SCV  
  12  4:10  Siege Tank  
  12  4:14  SCV  
  12  4:15  Engineering Bay  
  12  4:22  SCV, Refinery  
  12  4:26  SCV, Supply Depot  
  12  4:34  SCV  
  12  4:38  SCV  
  12  4:40  Barracks  
  12  4:42  Siege Tank  
  12  4:46  Terran Infantry Weapons Level 1, SCV  
  12  4:50  SCV  
  12  4:52  Supply Depot  
  12  4:56  Stimpack  
  12  4:58  SCV  
  12  5:02  SCV  
  12  5:10  SCV, Supply Depot  
  12  5:12  Marine x2  
  12  5:14  SCV, Marauder  
  12  5:15  Supply Depot  
  12  5:16  Starport Reactor  
  12  5:22  Factory Reactor, SCV  
  12  5:27  SCV  
  12  5:29  Marine  
  12  5:30  Marine  
  12  5:32  Refinery  
  12  5:34  Combat Shield, Marauder  
  12  5:36  Marauder  
  12  5:37  Supply Depot  
  12  5:38  Supply Depot  
  12  5:40  SCV x2  
  12  5:47  Marine  
  12  5:48  Marine  
  12  5:52  Medivac x2  
  12  5:54  SCV x2  
  12  5:56  Marauder  
  12  5:58  Marauder  
  12  6:00  Supply Depot  
  12  6:03  Supply Depot  
  12  6:04  Widow Mine  
  12  6:05  Widow Mine  
  12  6:06  Marine  
  12  6:08  Marine  
  12  6:20  Command Center  
  12  6:23  Marauder  
  12  6:25  Marauder  
  12  6:33  Marine x2  
  12  6:34  Medivac, Widow Mine x2  
  12  6:36  Medivac  
  12  6:41  Terran Infantry Armor Level 1  
  12  6:48  Marauder x2  
  12  6:54  Barracks x2  
  12  6:55  Marine x2  
  12  7:01  Supply Depot  
  12  7:05  Concussive Shells  
  12  7:09  Marauder x2  
  12  7:19  Supply Depot  
  12  7:21  Medivac x2  
  12  7:23  Widow Mine x2  
  12  7:24  Marine, Supply Depot  
  12  7:25  Marine  
  12  7:26  SCV  
  12  7:27  SCV  
  12  7:33  Marauder x2  
  12  7:40  Armory  
  12  7:41  Barracks Reactor  
  12  7:42  Barracks Tech Lab  
  12  7:44  SCV  
  12  7:45  SCV  
  12  7:57  Ghost Academy  
  12  7:58  Marauder  
  12  7:59  Marauder  
  12  8:06  Orbital Command, Marauder  
  12  8:08  SCV x2  
  12  8:15  Supply Depot  
  12  8:16  Supply Depot  
  12  8:20  SCV x2  
  12  8:24  Viking x2  
  12  8:28  Marauder x2  
  12  8:29  Marauder  
  12  8:40  Supply Depot  
  12  8:44  Command Center  
  12  8:49  Ghost x2  
  12  8:50  Ghost  
  12  8:52  SCV x3  
  12  8:54  Viking  
  12  8:57  Viking  
  12  9:07  SCV x2  
  12  9:08  SCV, Supply Depot  
  12  9:17  Barracks  
  12  9:18  Barracks  
  12  9:20  Barracks  
  12  9:23  SCV  
  12  9:24  SCV x2, Refinery  
  12  9:25  Viking, Refinery  
  12  9:27  Viking  
  12  9:36  Supply Depot  
  12  9:38  SCV x2  
  12  9:39  SCV  
  12  9:47  Missile Turret  
  12  9:50  Marauder, Missile Turret  
  12  9:51  Marauder x2, Missile Turret x2  
  12  9:52  Missile Turret  
  12  9:53  Widow Mine  
  12  9:54  Widow Mine  
  12  9:56  Supply Depot  
  12  10:05  Barracks Tech Lab x2  
  12  10:07  Barracks Tech Lab  
  12  10:10  Engineering Bay  
  12  10:22  Missile Turret  
  12  10:30  Missile Turret  
  12  10:33  Missile Turret  
  12  10:34  Unknown  
Tags
 
Add a new tag
Caveats
  • Supply blocks, unpowered buildings, or Contaminate may cause inaccurate times.
  • Supply counts are checked every 10 seconds.